 Dungeon Crawl Stone Soup version 0.26-a0-651-gb41185065b (webtiles) character file.

Game seed: 16951860747921417322

8507 flotson the Thaumaturge (level 11, -7/83 HPs)
             Began as a Gnoll Wanderer on Sept 29, 2020.
             Was a Believer of Fedhas.
             Mangled by a purple ugly thing (17 damage)
             ... on level 10 of the Dungeon.
             The game lasted 00:30:02 (15786 turns).

flotson the Thaumaturge (Gnoll Wanderer)           Turns: 15786, Time: 00:30:02

Health: -7/83      AC: 11    Str: 20    XL:     11   Next: 31%
Magic:  24/24      EV: 17    Int: 11    God:    Fedhas [**....]
Gold:   836        SH: 11    Dex: 16    Spells: 29/29 levels left

rFire    . . .     SeeInvis .   a - +1 short sword (elec)
rCold    . . .     Faith    .   N - +0 kite shield
rNeg     . . .     Spirit   .   O - +0 chain mail
rPois    .         Reflect  .   K - +0 helmet
rElec    .         Harm     .   (no cloak)
rCorr    .         Rampage  .   (no gloves)
MR       .....                  (no boots)
Stlth    ..........             A - amulet of magic regeneration
HPRegen  0.23/turn              v - +4 ring of evasion
MPRegen  0.44/turn              H - +4 ring of evasion

@: no status effects
A: distributed training, fangs 1, strong nose
a: Wall of Briars, Renounce Religion


You were on level 10 of the Dungeon.
You worshipped Fedhas.
Fedhas was pleased with you.
You visited 3 branches of the dungeon, and saw 13 of its levels.
You also visited: Sewer.

You collected 836 gold pieces.

Inventory:

Hand Weapons
 a - a +1 short sword of electrocution (weapon)
 b - a +0 fustibalus of flaming
 I - a +3 dagger of draining
Missiles
 l - 69 sling bullets
 r - 88 poisoned darts (quivered)
Armour
 K - a +0 helmet (worn)
 N - a +0 kite shield (worn)
 O - a +0 chain mail (worn)
Jewellery
 k - an uncursed ring of positive energy
 m - a +6 ring of dexterity
 t - an uncursed ring of resist corrosion
 v - a +4 ring of evasion (left hand)
 A - an amulet of magic regeneration (around neck)
 D - an uncursed ring of wizardry
 H - a +4 ring of evasion (right hand)
Wands
 e - a wand of enslavement (7)
 E - a wand of iceblast (3)
 M - a wand of polymorph (10)
Scrolls
 f - a scroll of immolation
 g - 8 scrolls of remove curse
 h - 5 scrolls of magic mapping {unknown}
 i - a scroll of enchant armour {unknown}
 j - 3 scrolls of teleportation
 s - a scroll of blinking {unknown}
 x - 5 scrolls of fog
 y - 3 scrolls of fear {unknown}
 G - 2 scrolls of noise {unknown}
 J - 4 scrolls of enchant weapon {unknown}
 L - a scroll of amnesia {unknown}
Potions
 c - 6 potions of curing
 d - 2 potions of mutation
 n - a potion of cancellation
 o - 3 potions of magic
 p - a potion of brilliance
 q - 5 potions of might
 u - 3 potions of flight
 w - 2 potions of invisibility
 z - 7 potions of heal wounds
 B - 2 potions of stabbing
 C - 2 potions of lignification
 F - a potion of haste


   Skills:
 + Level 6.7 Fighting
 + Level 6.2 Short Blades
 + Level 6.2 Long Blades
 + Level 6.2 Axes
 + Level 6.2 Maces & Flails
 + Level 7.8 Polearms
 + Level 6.2 Staves
 + Level 6.2 Slings
 + Level 6.2 Bows
 + Level 6.2 Crossbows
 + Level 6.2 Throwing
 + Level 6.2 Armour
 + Level 6.2 Dodging
 + Level 6.6 Stealth
 + Level 6.2 Shields
 + Level 6.2 Unarmed Combat
 + Level 9.5 Spellcasting
 + Level 6.4 Conjurations
 + Level 5.1 Hexes
 + Level 5.1 Summonings
 + Level 5.1 Necromancy
 + Level 5.1 Translocations
 + Level 5.1 Transmutations
 + Level 5.1 Fire Magic
 + Level 5.1 Ice Magic
 + Level 5.1 Air Magic
 + Level 5.1 Earth Magic
 + Level 5.1 Poison Magic
 + Level 6.8 Invocations
 + Level 6.7 Evocations


You had 29 spell levels left.
You didn't know any spells.
Your spell library contained the following spells:

 Spells                   Type           Power        Failure   Level
 Corona                   Hex            ###....      41%         1
 Ensorcelled Hibernation  Hex/Ice        ###...       56%         2
 Poisonous Vapours        Pois/Air       ###...       56%         2
 Swiftness                Air            ###.....     56%         2
 Dazzling Flash           Conj/Hex       ###...       71%         3
 Confusing Touch          Hex            ###.....     80%         3
 Tukima's Dance           Hex            ###.....     80%         3


Dungeon Overview and Level Annotations

Branches:
Dungeon (11/15)            Temple (1/1) D:7            Lair (1/6) D:10
  Sewer (visited)
    Orc: D:9-12

Altars:
Ashenzari
Cheibriados
Dithmenos
Elyvilon
Fedhas
Gozag
Hepliaklqana
Kikubaaqudgha
Makhleb
Okawaru
Qazlal
Ru
Trog
Xom
Yredelemnul
Zin
The Shining One
Lugonu

Annotations:
D:5 ZeeToo's ghost, novice VSMo; smeego's ghost, novice OpFi


Innate Abilities, Weirdness & Mutations

Your experience applies equally to all skills.
You have very sharp teeth.
Your uncanny sense of smell can sniff out nearby items.


Message History

You closely miss the purple ugly thing.
The purple ugly thing is severely wounded.
You hit the purple ugly thing but do no damage.
The purple ugly thing is severely wounded.
The purple ugly thing completely misses you.
You hit the purple ugly thing. Your bite misses the purple ugly thing.
The purple ugly thing is severely wounded.
The purple ugly thing kicks you!
* * * LOW HITPOINT WARNING * * *
You hit the purple ugly thing but do no damage.
You bite the purple ugly thing, but do no damage.
The purple ugly thing is severely wounded.
The purple ugly thing kicks you!
* * * LOW HITPOINT WARNING * * *
You hit the purple ugly thing.
You bite the purple ugly thing, but do no damage.
The purple ugly thing is severely wounded.
The purple ugly thing kicks you!
You die...
Fedhas appreciates your contribution to the ecosystem.

...P.....#.........#......#......
≈.P.>...≈#.............#.........
...PP.P..#.........##............
.##...##.....#####.##.#..###.....
..#...#............#####⌠###.....
#...≈...#....#########._≈^.######
.#######.....# ##..^.___## .#
###...#######.♣_..≈^^_####
.#########...##u@..⌠.#.._._..⌠...
.#.........#.##.####^^.≈.#^.♣###.
##.#.#.##.###...#####.≈.≈^.♣####.
.........## #.......##.^.♣.##....
##.#....#.###......#####⌠####.###
##.#....##.#.#........#..# #.###
##.............##.....#.## #....
##.............##..##.#.# #####
##.#.[##.##.#.###..##.#.#


You could see a purple ugly thing.

Vanquished Creatures
  A hydra (D:11)
  Joseph (D:10)
  A cane toad (Lair:1)
  A troll (D:9)
  A wraith (D:10)
  2 steam dragons (D:7)
  15 yaks
  A water moccasin (Lair:1)
  A sky beast (D:10)
  2 orc warriors
  An eye of draining (D:8)
  2 ogres
  4 phantoms
  7 centaurs
  4 big kobolds (Sewer)
  A crocodile (Lair:1)
  6 bullfrogs
  5 scorpions
  4 killer bees
  8 wights
  5 jellies
  A howler monkey (D:10)
  A bullfrog zombie (D:10)
  A quasit (D:7)
  8 orc priests
  A hound (D:5)
  5 orc wizards
  3 iguanas
  6 worker ants
  4 gnolls (D:3)
  19 adders
  2 shadow imps (D:7)
  2 white imps
  3 oozes
  3 adder skeletons
  8 worms
  3 dart slugs
  The ghost of djmy96 the Sneak, a weakling SpDe (D:4)
  3 leopard geckos
  39 orcs
  6 ball pythons
  9 bats
  10 giant cockroaches
  11 goblins
  10 hobgoblins
  11 jackals
  18 kobolds
  4 quokkas
  8 frilled lizards
  19 rats
292 creatures vanquished.

Vanquished Creatures (collateral kills)
  A gnoll (D:4)
  2 hobgoblins (D:4)
3 creatures vanquished.

Vanquished Creatures (others)
  A cane toad (Lair:1)
  2 komodo dragons (D:10)
  A jackal skeleton (D:8)
  A fungus (Lair:1)
  9 plants
  4 withered plants (D:5)
18 creatures vanquished.

Grand Total: 313 creatures vanquished

Notes
Turn   | Place    | Note
-------+----------+-------------------------------------------
     0 | D:1      | flotson the Gnoll Wanderer began the quest for the Orb.
     0 | D:1      | flotson set off with the following items: a +0 club, a
                  | potion of curing, a +0 robe, a wand of enslavement (15);
                  | and the following spells available to memorise: Poisonous
                  | Vapours, Swiftness
     0 | D:1      | Reached XP level 1. HP: 17/17 MP: 8/8
   502 | D:1      | Reached XP level 2. HP: 16/23 MP: 10/10
  1255 | D:1      | Reached XP level 3. HP: 28/28 MP: 11/11
  1729 | D:2      | Reached skill level 1 in Invocations
  1843 | D:2      | Found a burning altar of Makhleb.
  1933 | D:2      | Reached skill level 1 in Short Blades
  1933 | D:2      | Reached skill level 1 in Long Blades
  1933 | D:2      | Reached skill level 1 in Axes
  1933 | D:2      | Reached skill level 1 in Maces & Flails
  1933 | D:2      | Reached skill level 1 in Staves
  1933 | D:2      | Reached skill level 1 in Slings
  1933 | D:2      | Reached skill level 1 in Bows
  1933 | D:2      | Reached skill level 1 in Crossbows
  1933 | D:2      | Reached skill level 1 in Throwing
  1933 | D:2      | Reached skill level 1 in Armour
  1933 | D:2      | Reached skill level 1 in Dodging
  1933 | D:2      | Reached skill level 1 in Shields
  1933 | D:2      | Reached skill level 1 in Unarmed Combat
  1946 | D:2      | Found a shadowy altar of Dithmenos.
  1963 | D:2      | Reached XP level 4. HP: 34/34 MP: 13/13
  2301 | D:2      | Noticed a moth of wrath
  2304 | D:2      | Found a bloodstained altar of Trog.
  2330 | D:2      | Reached skill level 1 in Hexes
  2330 | D:2      | Reached skill level 1 in Summonings
  2330 | D:2      | Reached skill level 1 in Necromancy
  2330 | D:2      | Reached skill level 1 in Translocations
  2330 | D:2      | Reached skill level 1 in Transmutations
  2330 | D:2      | Reached skill level 1 in Fire Magic
  2330 | D:2      | Reached skill level 1 in Ice Magic
  2330 | D:2      | Reached skill level 1 in Air Magic
  2330 | D:2      | Reached skill level 1 in Earth Magic
  2330 | D:2      | Reached skill level 1 in Poison Magic
  2747 | D:2      | Found a faded altar of an unknown god.
  2950 | D:3      | Found a shadowy altar of Dithmenos.
  3405 | D:3      | Reached XP level 5. HP: 31/40 MP: 14/14
  4642 | D:4      | Reached XP level 6. HP: 16/47 MP: 16/16
  4660 | D:4      | Noticed a phantom
  4729 | D:4      | Found an iron altar of Okawaru.
  4847 | D:4      | Found a glowing drain.
  4855 | Sewer    | Entered a sewer
  5059 | Sewer    | Reached skill level 5 in Polearms
  5284 | Sewer    | Reached XP level 7. HP: 50/52 MP: 18/18
  6085 | D:5      | Entered Level 5 of the Dungeon
  6175 | D:5      | Reached XP level 8. HP: 55/60 MP: 19/19
  6459 | D:5      | Found an ancient bone altar of Kikubaaqudgha.
  6989 | D:5      | Found a runed translucent gate.
  6989 | D:5      | Found a runed translucent gate.
  6989 | D:5      | Found a runed translucent gate.
  6993 | D:5      | Noticed ZeeToo's ghost (novice VSMo)
  6993 | D:5      | Noticed djmy96's ghost (weakling SpDe)
  6994 | D:5      | Noticed smeego's ghost (novice OpFi)
  7639 | D:4      | Killed djmy96's ghost
  7834 | D:6      | Reached skill level 8 in Spellcasting
  8525 | D:6      | Reached skill level 5 in Conjurations
  8525 | D:6      | Reached XP level 9. HP: 62/66 MP: 21/21
  8680 | D:7      | Found a white marble altar of Elyvilon.
  8686 | D:7      | Found a basalt altar of Yredelemnul.
  8687 | D:7      | Found an iron altar of Okawaru.
  8726 | D:7      | Found a glowing silver altar of Zin.
  8727 | D:7      | Found a broken altar of Ashenzari.
  8915 | D:7      | Found a stormy altar of Qazlal.
  9017 | D:7      | Found a glowing golden altar of the Shining One.
  9212 | D:7      | Found a shadowy altar of Dithmenos.
  9251 | D:7      | Found a staircase to the Ecumenical Temple.
  9260 | Temple   | Entered the Ecumenical Temple
  9280 | Temple   | Became a worshipper of Fedhas Madash
  9461 | D:7      | Reached skill level 5 in Fighting
  9461 | D:7      | Reached skill level 5 in Evocations
  9687 | D:8      | Reached skill level 5 in Stealth
 10240 | D:7      | Reached skill level 5 in Invocations
 10674 | D:8      | Reached * piety under Fedhas
 10929 | D:8      | Reached XP level 10. HP: 74/74 MP: 22/22
 11117 | D:9      | Found Haag Lofo's Antique Armour Boutique.
 11537 | D:8      | Reached skill level 5 in Short Blades
 11537 | D:8      | Reached skill level 5 in Long Blades
 11537 | D:8      | Reached skill level 5 in Axes
 11537 | D:8      | Reached skill level 5 in Maces & Flails
 11537 | D:8      | Reached skill level 5 in Staves
 11537 | D:8      | Reached skill level 5 in Slings
 11537 | D:8      | Reached skill level 5 in Bows
 11537 | D:8      | Reached skill level 5 in Crossbows
 11537 | D:8      | Reached skill level 5 in Throwing
 11537 | D:8      | Reached skill level 5 in Armour
 11537 | D:8      | Reached skill level 5 in Dodging
 11537 | D:8      | Reached skill level 5 in Shields
 11537 | D:8      | Reached skill level 5 in Unarmed Combat
 12273 | D:9      | Found an opulent altar of Gozag.
 12300 | D:9      | Reached skill level 9 in Spellcasting
 12447 | D:9      | Found a snail-covered altar of Cheibriados.
 12586 | D:10     | Entered Level 10 of the Dungeon
 12591 | D:10     | Found a staircase to the Lair.
 12591 | D:10     | Noticed an oklob plant
 12799 | D:10     | Noticed Joseph
 12822 | D:10     | Killed Joseph
 12822 | D:10     | Reached ** piety under Fedhas
 12886 | D:10     | Found a shimmering altar of Xom.
 12888 | D:10     | Found a shimmering altar of Xom.
 12889 | D:10     | Found a shimmering altar of Xom.
 12889 | D:10     | Found a shimmering altar of Xom.
 12890 | D:10     | Found a shimmering altar of Xom.
 12890 | D:10     | Found a shimmering altar of Xom.
 12891 | D:10     | Found a shimmering altar of Xom.
 12892 | D:10     | Found a shimmering altar of Xom.
 13519 | D:10     | Found an ancient bone altar of Kikubaaqudgha.
 13642 | Lair:1   | Entered Level 1 of the Lair of Beasts
 13978 | Lair:1   | Reached XP level 11. HP: 54/83 MP: 24/24
 14852 | Lair:1   | Reached skill level 5 in Hexes
 14852 | Lair:1   | Reached skill level 5 in Summonings
 14852 | Lair:1   | Reached skill level 5 in Necromancy
 14852 | Lair:1   | Reached skill level 5 in Translocations
 14852 | Lair:1   | Reached skill level 5 in Transmutations
 14852 | Lair:1   | Reached skill level 5 in Fire Magic
 14852 | Lair:1   | Reached skill level 5 in Ice Magic
 14852 | Lair:1   | Reached skill level 5 in Air Magic
 14852 | Lair:1   | Reached skill level 5 in Earth Magic
 14852 | Lair:1   | Reached skill level 5 in Poison Magic
 15459 | D:11     | Noticed a five-headed hydra
 15462 | D:11     | Killed a five-headed hydra
 15728 | D:11     | Noticed a purple ugly thing
 15786 | D:10     | Mangled by a purple ugly thing

Illustrated notes

Levels and vault maps discovered:
D:1:      nzn_arrival_depleted_hourglass, layout_basic, nrook_mini_vaults,
          hangedman_decor_opposing, minmay_three_crescents
D:2:      layout_loops_ring, tgw_trog, bloody_makhleb,
          chequers_ecumenical_altar_lobes, nicolae_dithmenos_shadow_blocks
D:3:      minmay_wonky_spiral, layout_loops_ring, overflow_temple_1_default,
          grunt_decor_arrowhead, kennysheep_generic_room_12
D:4:      layout_rooms, portal_sewer_entry_e, okawaru_altar_gauntlet_db
D:5:      layout_gridville, kiku_gazebo_pond_becter, gammafunk_ghost_cemetery
D:6:      layout_rooms
D:7:      layout_rooms, kennysheep_mini, nicolae_tso_carved_into_rock,
          grunt_temple_overflow_open, minmay_temple_entry_drinking_statues,
          basic_altar, roderic_malta_cross
D:8:      layout_cave_pools, serial_column_ruins, column_ruins_corridor_corner,
          column_ruins_grid_2, column_ruins_grid_1, column_ruins_open_small,
          onia_ninara_dug_in_and_dangerous
D:9:      layout_cross, grunt_gozag_statues, cheibrodos_worm_habitat,
          serial_shops, nicolae_shop_trees
D:10:     layout_loops_cross, dpeg_oklobed_lair, basic_altar, xom_redecorated,
          uniq_joseph
D:11:     layout_irregular_city, minivault_26, uniq_sonja
Temple:   kb_corrupted_temple
Lair:1:   layout_regular_city, wad_woods_01, grunt_megastairs_4

Skill      XL: |  1  2  3  4  5  6  7  8  9 10 11 |
---------------+----------------------------------+-----
Invocations    | 1 2 3 4 5 6 |  6.8
Short Blades   | 1 2 3 4 5 6 |  6.2
Long Blades    | 1 2 3 4 5 6 |  6.2
Axes           | 1 2 3 4 5 6 |  6.2
Maces & Flails | 1 2 3 4 5 6 |  6.2
Staves         | 1 2 3 4 5 6 |  6.2
Slings         | 1 2 3 4 5 6 |  6.2
Bows           | 1 2 3 4 5 6 |  6.2
Crossbows      | 1 2 3 4 5 6 |  6.2
Throwing       | 1 2 3 4 5 6 |  6.2
Armour         | 1 2 3 4 5 6 |  6.2
Dodging        | 1 2 3 4 5 6 |  6.2
Shields        | 1 2 3 4 5 6 |  6.2
Unarmed Combat | 1 2 3 4 5 6 |  6.2
Hexes          | 1 2 3 4 5 |  5.1
Summonings     | 1 2 3 4 5 |  5.1
Necromancy     | 1 2 3 4 5 |  5.1
Translocations | 1 2 3 4 5 |  5.1
Transmutations | 1 2 3 4 5 |  5.1
Fire Magic     | 1 2 3 4 5 |  5.1
Ice Magic      | 1 2 3 4 5 |  5.1
Air Magic      | 1 2 3 4 5 |  5.1
Earth Magic    | 1 2 3 4 5 |  5.1
Poison Magic   | 1 2 3 4 5 |  5.1
Fighting       | 3 4 5 6 |  6.7
Evocations     | 3 4 5 6 |  6.7
Conjurations   | 4 5 6 |  6.4
Stealth        | 3 4 5 6 |  6.6
Polearms       | 5 6 7 |  7.8
Spellcasting   | 8 9 |  9.5

Action                   |  1- 3 |  4- 6 |  7- 9 | 10-12 || total
-------------------------+-------+-------+-------+-------++-------
Melee: Club              |    16 |       |       |       ||    16
       Short sword       |   100 |     4 |       |    30 ||   134
       Bite              |    13 |    31 |    29 |    56 ||   129
       Punch             |     1 |     1 |     1 |     5 ||     8
       Dagger            |       |    63 |       |   231 ||   294
       Whip              |       |   168 |    64 |       ||   232
       Trident           |       |       |   102 |    50 ||   152
 Fire: Hunting sling     |    23 |       |   150 |       ||   173
       Fustibalus        |       |       |   142 |   182 ||   324
Throw: Dart              |       |    28 |     2 |    10 ||    40
Evoke: Wand              |       |     5 |       |     9 ||    14
  Use: Scroll            |       |     7 |     7 |     6 ||    20
       Potion            |       |     2 |     1 |     1 ||     4
 Stab: Sleeping          |     3 |     2 |       |       ||     5
       Distracted        |       |       |     1 |       ||     1
Armor: Robe              |    13 |       |       |       ||    13
       Scale mail        |    24 |    81 |    75 |    34 ||   214
       Chain mail        |       |       |       |    12 ||    12
Dodge: Dodged            |    53 |   149 |   303 |   263 ||   768
Block: Kite shield       |       |       |       |    79 ||    79

Table legend: (Time is in decaauts)
 A = Elapsed time spent in this place.
 B = Non-inter-level travel time spent in this place.
 C = Inter-level travel time spent in this place.
 D = Time resting spent in this place.
 E = Time spent auto-exploring this place.
 F = Levels seen in this place.
 G = Mean time per level.
                   A        B        C        D        E       F      G
               +--------+--------+--------+--------+--------+-----+--------+
         Total |  15849 |  15064 |    785 |   3082 |   8741 |  14 | 1132.1 |
       Dungeon |  14581 |  13818 |    763 |   2920 |   8055 |  11 | 1325.5 |
        Temple |     40 |     20 |     20 |      0 |     15 |   1 |   40.0 |
          Lair |    681 |    679 |      2 |      0 |    472 |   1 |  681.0 |
         Sewer |    546 |    546 |      0 |    162 |    198 |   1 |  546.0 |
               +--------+--------+--------+--------+--------+-----+--------+

Top non-repeatable levels by time:
    D:10: 2101 daAuts
     D:1: 1701 daAuts
     D:7: 1682 daAuts
     D:5: 1621 daAuts
     D:3: 1511 daAuts
     D:8: 1229 daAuts
     D:2: 1207 daAuts
     D:4: 1158 daAuts
     D:9: 1121 daAuts
     D:6: 943 daAuts
  Lair:1: 681 daAuts
   Sewer: 546 daAuts
    D:11: 302 daAuts
  Temple: 40 daAuts
